 Dungeon Crawl Stone Soup version 0.30.0-29-ga12c61a403 (webtiles) character file.

Game seed: 11935080208695786489

567 qw the Cleaver (level 7, -5/44 HPs)
             Began as a Gargoyle Fighter on June 4, 2023.
             Slain by an ogre
             ... wielding a +0 giant spiked club
              (9 damage)
             ... on level 4 of the Dungeon.
             The game lasted 00:01:51 (3098 turns).

qw the Cleaver (Gargoyle Fighter)                   Turns: 3098, Time: 00:01:52

Health: -5/44      AC: 21    Str: 20    XL:     7   Next: 33%
Magic:  7/7        EV:  6    Int:  8    God:
Gold:   82         SH:  4    Dex: 13    Spells: 6/6 levels left

rFire   . . .        Y - +1 war axe
rCold   + . .        c - +0 buckler
rNeg    + . .        v - +0 plate armour
rPois   inf          g - +0 helmet
rElec   +            (no cloak)
rCorr   .            (no gloves)
SInv    .            (no boots)
Will    .....        (no amulet) Stlth
                     f - +4 ring of protection
HPRegen 1.07/turn    k - ring of protection from cold
MPRegen 0.10/turn

%: no passive effects
@: about to teleport, slowed, very slow
A: sickness immunity, AC +4, negative energy resistance 1, electricity
resistance, torment resistance 1, petrification resistance, agile 1,
regeneration 1, wild magic 1
a: no special abilities


You were on level 4 of the Dungeon.
You visited 1 branch of the dungeon, and saw 4 of its levels.

You collected 226 gold pieces.
You spent 144 gold pieces at shops.


Innate Abilities, Weirdness & Mutations

You are immune to sickness and miasma.
Your stone body is resilient. (AC +4)
You are immune to poison.
You resist negative energy. (rN+)
You are resistant to electric shocks. (rElec)
You are resistant to unholy torment.
You are immune to petrification.
You are agile. (Dex +4, Str/Int -1)
Your natural rate of healing is unusually fast.
Your spells are a little harder to cast, but a little more powerful.


   Skills:
 + Level 5.4 Fighting
 - Level 10.2 Axes
 - Level 4.0 Armour
 - Level 1.0 Dodging
 - Level 3.2 Shields


You had 6 spell levels left.
You didn't know any spells.
Your spell library was empty.

Inventory:

Hand Weapons
 o - a +1 flail of protection
 Y - a +1 war axe (weapon)
Armour
 c - a +0 buckler (worn)
 g - a +0 helmet (worn)
 u - a +1 chain mail of fire resistance
 v - a +0 plate armour (worn)
Jewellery
 f - a +4 ring of protection (left hand)
 j - a ring of willpower
 k - a ring of protection from cold (right hand)
 s - a ring of protection from fire
Scrolls
 a - a scroll of identify
 l - 3 scrolls of teleportation
Potions
 b - a potion of resistance
 d - a potion of might
 h - 3 potions of attraction
 i - 2 potions of curing
 p - 2 potions of mutation
 q - a potion of haste
 t - a potion of berserk rage {unknown}

Dungeon Overview and Level Annotations

Branches:
Dungeon (4/15)             Temple (0/1) D:4

Altars:
Cheibriados
Elyvilon
Kikubaaqudgha
Nemelex Xobeh
Vehumet
Yredelemnul
Zin
The Shining One

Shops:
D:1 [   D:3 *


Message History

You slash the adder! Natasha claws you but does no damage.
An ogre comes into view. It is wielding a +0 giant spiked club.
The adder bites you but does no damage. You block the cerulean imp's attack.
You miss the adder.
The adder is severely wounded.
You closely miss Natasha. Natasha barely misses you.
The adder bites you but does no damage.
The cerulean imp hits you but does no damage.
You slash the adder!
You kill the adder!
You slash Natasha!
Natasha extends her claws.
Natasha casts a spell at you.
You feel yourself slow down. The cerulean imp barely misses you.
You hit Natasha.
Natasha is almost dead.
Natasha claws you but does no damage.
The cerulean imp hits you but does no damage.
Natasha claws you but does no damage.
You slice Natasha!!
You kill Natasha!
Natasha growls in agony!
The cerulean imp disappears in a puff of smoke!
Your Armour skill increases to level 4!
The ogre hits you with a +0 giant spiked club!
You slash the ogre!
The ogre is moderately wounded.
The ogre hits you with a +0 giant spiked club!
You hit the ogre.
The ogre is moderately wounded.
You block the ogre's attack.
You barely miss the ogre.
The ogre is moderately wounded.
The ogre hits you with a +0 giant spiked club!
3098 ||| READING 4 scrolls of teleportation.
As you read the scroll of teleportation, it crumbles to dust.
You feel strangely unstable.
The ogre hits you with a +0 giant spiked club!
You die...

..........#.. ....
....>........ ####..#
##.......#... #.....
##........###.
#..?.###........### #.
#.......<....... #.
#.............# #.
##..O...##.... ##.
##...@%......##. #..
##..}.>.}........ ###..
###...............###....
#.......}..........##.##.
#..................##.##.
#..####.........<.....##.
#..# ................##.
##.####.##....).....#..#.
##..##...##..........#..#.


You could see an ogre.

Vanquished Creatures
  Sigmund (D:3)
  2 hounds (D:3)
  An orc priest (D:3)
  An iron imp (D:4)
  Jessica (D:2)
  An iguana (D:4)
  Natasha (twice) (D:4)
  Robin (D:2)
  4 gnolls
  3 adders
  A worm (D:3)
  A dart slug (D:4)
  3 orcs (D:3)
  6 ball pythons
  9 endoplasms
  5 giant cockroaches
  18 goblins
  9 hobgoblins
  2 jackals (D:1)
  A quokka (D:1)
  3 bats (D:2)
  A frilled lizard (D:1)
  9 kobolds
  2 rats
87 creatures vanquished.

Notes
Turn   | Place    | Note
-------+----------+-------------------------------------------
     0 | D:1      | qw the Gargoyle Fighter began the quest for the Orb.
     0 | D:1      | Reached XP level 1. HP: 14/14 MP: 1/1
     0 | D:1      | 0 ||| qw: Version: 0.2-a-107-g4668610
     0 | D:1      | 0 ||| qw: Game counter: 1286
     0 | D:1      | 0 ||| qw: Always use a shield: true
     0 | D:1      | 0 ||| qw: God list: Okawaru
     0 | D:1      | 0 ||| qw: Allow faded altars: false
     0 | D:1      | 0 ||| qw: Do Orc after D:15 true
     0 | D:1      | 0 ||| qw: Do second Lair branch before Depths: true
     0 | D:1      | 0 ||| qw: Lair rune preference: random
     0 | D:1      | 0 ||| qw: Plans: Normal, Zot:1-4, Slime:5, God:TSO, Crypt,
                  | Tomb, Abyss, Pan, Hells, Win
     0 | D:1      | 0 ||| PLANNING D:1-11
    50 | D:1      | Reached skill level 2 in Axes
    70 | D:1      | 70 ||| DROPPING +0 club.
   131 | D:1      | Reached XP level 2. HP: 19/19 MP: 2/2
   310 | D:1      | Found Cunol Gyjite's Armour Boutique.
   427 | D:1      | Reached skill level 3 in Axes
   462 | D:1      | Reached XP level 3. HP: 23/23 MP: 3/3
   620 | D:1      | 620 ||| UPGRADING to +0 helmet.
   625 | D:1      | 625 ||| READING 3 scrolls labelled DIUGEA BEUSIU.
   626 | D:1      | 626 ||| READING scroll labelled UVEERA PEJO.
   627 | D:1      | 627 ||| READING scroll labelled DUPAKHLIKED.
   628 | D:1      | 628 ||| DRINKING 3 blue potions.
   629 | D:1      | 629 ||| READING 2 scrolls of identify.
   629 | D:1      | 629 ||| IDENTIFYING inky potion
   630 | D:1      | 630 ||| DRINKING potion of experience.
   630 | D:1      | Reached skill level 10 in Axes
   630 | D:1      | Reached XP level 4. HP: 28/28 MP: 4/4
   666 | D:2      | Found an ancient bone altar of Kikubaaqudgha.
   678 | D:2      | Noticed Jessica
   679 | D:2      | 679 ||| FLEEEEING.
   682 | D:2      | 682 ||| STAIRDANCE
   725 | D:2      | Killed Jessica
   921 | D:2      | 921 ||| Stepping ~*~*~tactically~*~*~ (stealth).
   922 | D:2      | 922 ||| Stepping ~*~*~tactically~*~*~ (stealth).
   923 | D:2      | Noticed Robin
   924 | D:2      | 924 ||| Stepping ~*~*~tactically~*~*~ (hiding).
   927 | D:2      | 927 ||| Stepping ~*~*~tactically~*~*~ (stealth).
   940 | D:2      | Killed Robin
   941 | D:2      | Reached XP level 5. HP: 32/33 MP: 5/5
  1043 | D:2      | 1043 ||| Stepping ~*~*~tactically~*~*~ (stealth).
  1045 | D:2      | 1045 ||| Stepping ~*~*~tactically~*~*~ (hiding).
  1413 | D:2      | 1413 ||| UPGRADING to +0 ring mail of cold resistance.
  1423 | D:2      | 1423 ||| DROPPING +0 scale mail.
  1424 | D:2      | 1424 ||| UPGRADING to +0 chain mail.
  1434 | D:2      | 1434 ||| DROPPING amulet of magic regeneration.
  1435 | D:2      | 1435 ||| UPGRADING to +4 ring of protection.
  1436 | D:2      | 1436 ||| READING 2 scrolls labelled SUIJAFRICLI.
  1439 | D:2      | 1439 ||| READING scroll labelled TOKKOA WEPLIE.
  1440 | D:2      | 1440 ||| READING scroll labelled PEIFEOMIM.
  1441 | D:2      | 1441 ||| DRINKING 2 bubbling cyan potions.
  1591 | D:3      | Reached skill level 1 in Dodging
  1623 | D:3      | 1623 ||| DROPPING +0 whip.
  1666 | D:3      | Found a basalt altar of Yredelemnul.
  1666 | D:3      | Found a sparkling altar of Nemelex Xobeh.
  1811 | D:3      | Reached XP level 6. HP: 32/39 MP: 6/6
  1899 | D:3      | 1899 ||| Stepping ~*~*~tactically~*~*~ (hiding).
  1981 | D:3      | Found Pyazeqyo's Assorted Antiques.
  1996 | D:3      | 1996 ||| BUYING 2 pink potions (54 gold).
  1996 | D:3      | Bought 2 pink potions for 54 gold pieces
  1996 | D:3      | 1996 ||| SHOPLISTING brass ring (150 gold, have 101).
  1996 | D:3      | 1996 ||| SHOPLISTING cloak (135 gold, have 101).
  1996 | D:3      | 1996 ||| BUYING potion of attraction (90 gold).
  1996 | D:3      | Bought a potion of attraction for 90 gold pieces
  1996 | D:3      | 1996 ||| SHOPLISTING scroll labelled ITTAUPA WIDD (30 gold,
                  | have 11).
  1996 | D:3      | 1996 ||| SHOPLISTING scroll labelled OZXILIPNARCHE (30
                  | gold, have 11).
  2091 | D:3      | Noticed Sigmund
  2092 | D:3      | 2092 ||| DRINKING 3 potions of curing.
  2092 | D:3      | 2092 ||| (to cure confusion)
  2093 | D:3      | 2093 ||| Stepping ~*~*~tactically~*~*~ (hiding).
  2103 | D:3      | Killed Sigmund
  2104 | D:3      | Reached XP level 7. HP: 33/44 MP: 7/7
  2250 | D:3      | 2250 ||| Stepping ~*~*~tactically~*~*~ (stealth).
  2251 | D:3      | 2251 ||| Stepping ~*~*~tactically~*~*~ (stealth).
  2349 | D:3      | Found a glowing silver altar of Zin.
  2349 | D:3      | Found a glowing golden altar of the Shining One.
  2350 | D:3      | Found a white marble altar of Elyvilon.
  2640 | D:3      | 2640 ||| DROPPING +0 ring mail of cold resistance.
  2641 | D:3      | 2641 ||| UPGRADING to +1 chain mail of fire resistance.
  2651 | D:3      | 2651 ||| DROPPING +0 chain mail.
  2652 | D:3      | 2652 ||| UPGRADING to +0 plate armour.
  2662 | D:3      | 2662 ||| UPGRADING to ring of protection from cold.
  2663 | D:3      | 2663 ||| DROPPING ring of magical power.
  2664 | D:3      | 2664 ||| READING scroll labelled SILUBLOSOV.
  2665 | D:3      | 2665 ||| READING scroll labelled PICAGG ACVIAZ.
  2666 | D:3      | 2666 ||| DRINKING 3 pink potions.
  2666 | D:3      | Gained mutation: Your spells are a little harder to cast,
                  | but a little more powerful. [potion of mutation]
  2666 | D:3      | Gained mutation: You are agile. (Dex +4, Str/Int -1)
                  | [potion of mutation]
  2666 | D:3      | Gained mutation: Your natural rate of healing is unusually
                  | fast. [potion of mutation]
  2667 | D:3      | 2667 ||| READING 4 scrolls of identify.
  2667 | D:3      | 2667 ||| IDENTIFYING coppery potion
  2668 | D:3      | 2668 ||| READING 3 scrolls of identify.
  2668 | D:3      | 2668 ||| IDENTIFYING white potion
  2669 | D:3      | 2669 ||| READING 2 scrolls of identify.
  2669 | D:3      | 2669 ||| IDENTIFYING lumpy clear potion
  2670 | D:3      | 2670 ||| DROPPING potion of invisibility.
  2782 | D:4      | 2782 ||| Stepping ~*~*~tactically~*~*~ (hiding).
  2830 | D:4      | Found a snail-covered altar of Cheibriados.
  2895 | D:4      | 2895 ||| Stepping ~*~*~tactically~*~*~ (stealth).
  2913 | D:4      | 2913 ||| Stepping ~*~*~tactically~*~*~ (stealth).
  2914 | D:4      | 2914 ||| Stepping ~*~*~tactically~*~*~ (stealth).
  2922 | D:4      | Noticed Natasha
  2923 | D:4      | 2923 ||| Stepping ~*~*~tactically~*~*~ (hiding).
  2925 | D:4      | 2925 ||| Stepping ~*~*~tactically~*~*~ (hiding).
  2926 | D:4      | 2926 ||| Stepping ~*~*~tactically~*~*~ (hiding).
  2930 | D:4      | Killed Natasha
  2933 | D:4      | 2933 ||| Stepping ~*~*~tactically~*~*~ (stealth).
  2934 | D:4      | 2934 ||| Stepping ~*~*~tactically~*~*~ (stealth).
  2941 | D:4      | 2941 ||| Stepping ~*~*~tactically~*~*~ (stealth).
  2958 | D:4      | 2958 ||| Stepping ~*~*~tactically~*~*~ (stealth).
  2990 | D:4      | Found a radiant altar of Vehumet.
  3074 | D:4      | Found a staircase to the Ecumenical Temple.
  3075 | D:4      | 3075 ||| PLANNING TEMPLE
  3075 | D:4      | 3075 ||| READING scroll labelled TIFUHO GUOHAITH.
  3079 | D:4      | Noticed Natasha
  3093 | D:4      | Killed Natasha
  3097 | D:4      | HP: 2/44 [ogre/+0 giant spiked club (15)]
  3098 | D:4      | 3098 ||| READING 4 scrolls of teleportation.
  3098 | D:4      | Slain by an ogre

Levels and vault maps discovered:
D:1:      minmay_arrival_radiant_lines, layout_rooms, serial_shops,
          nicolae_square_shop, minmay_octomino_j4
D:2:      layout_basic, basic_altar, uniq_jessica, uniq_robin
D:3:      layout_basic, good_gods_mini_temple,
          gammafunk_temple_overflow_elements, serial_shops, shop,
          cheibrodos_gnoll_hut, uniq_sigmund
D:4:      layout_cave_pools, mainiacjoe_overflow_six_doors_small, slow_altar_1,
          temple_fountains, uniq_natasha

Skill      XL: |  1  2  3  4  5  6  7 |
---------------+----------------------+-----
Axes           | 2 3 10 | 10.2
Fighting       | 4 5 |  5.4
Dodging        | 1 |  1.0
Armour         | 4 |  4.0
Shields        | |  3.2

Action                     |  1- 3 |  4- 6 |  7- 9 || total
---------------------------+-------+-------+-------++-------
  Melee: War axe           |    55 |   142 |    69 ||   266
    Use: Scroll            |     4 |     3 |     7 ||    14
         Potion            |     2 |     2 |     1 ||     5
 Armour: Scale mail        |    23 |    30 |       ||    53
         Skin              |       |     3 |       ||     3
         Chain mail        |       |    41 |     3 ||    44
         Plate armour      |       |       |    25 ||    25
  Dodge: Dodged            |    25 |    38 |    14 ||    77
  Block: Buckler           |     7 |    25 |     9 ||    41

Table legend:
 A = Non-vault XP
 B = Vault XP
 C = Vault XP percentage of total XP
 D = Non-vault monster count
 E = Vault monster count
 F = Vault count percentage of total count
                 A         B        C        D         E       F
            +---------+---------+-------+---------+---------+-------
      Total |     299 |     462 |  60.7 |      65 |      22 |  25.3
            +---------+---------+-------+---------+---------+-------
        D:1 |      32 |       5 |  13.5 |      18 |       4 |  18.2
        D:2 |      75 |      70 |  48.3 |      16 |      12 |  42.9
        D:3 |      86 |     315 |  78.6 |      16 |       4 |  20.0
        D:4 |     106 |      72 |  40.4 |      15 |       2 |  11.8
            +---------+---------+-------+---------+---------+-------
